 Dungeon Crawl Stone Soup version 0.29-a0-911-g88e6f02907 (webtiles) character file.

Game seed: 12526846713952302836

2 mathmaestro the Grave Robber (level 1, -1/13 HPs)
             Began as a Demonspawn Necromancer on July 25, 2022.
             Slain by a quokka (4 damage)
             ... on level 1 of the Dungeon.
             The game lasted 00:01:09 (90 turns).

mathmaestro the Grave Robber (Demonspawn Necromancer) Turns: 90, Time: 00:01:10

Health: -1/13      AC:  2    Str:  8    XL:     1   Next: 33%
Magic:  1/3        EV: 12    Int: 16    God:
Gold:   5          SH:  0    Dex: 13    Spells: 3/4 levels left

rFire   . . .      SeeInvis .   (no weapon)
rCold   . . .      Faith    .   (no shield)
rNeg    . . .      Spirit   .   a - +0 robe
rPois   .          Reflect  .   (no helmet)
rElec   .          Harm     .   (no cloak)
rCorr   .          Rampage  .   (no gloves)
Will    .....                   (no boots)
Stlth   ++........              (no amulet)
HPRegen 0.04/turn               (no ring)
MPRegen 0.08/turn               (no ring)

@: no status effects
A: no striking features
a: no special abilities


You were on level 1 of the Dungeon.
You visited 1 branch of the dungeon, and saw 1 of its levels.

You collected 5 gold pieces.

Inventory:

Armour
 a - a +0 robe (worn)
Potions
 b - a potion of magic


   Skills:
 + Level 0.1 Fighting
 + Level 1.8 Dodging
 + Level 1.8 Stealth
 + Level 2.0 Spellcasting
 + Level 4.4 Necromancy


You had 3 spell levels left.
You knew the following spells:

 Your Spells              Type           Power      Damage    Failure   Level
a - Necrotise             Necr           60%        1d7       3%          1

Your spell library contained the following spells:

 Spells                   Type           Power      Damage    Failure   Level
 Vampiric Draining        Necr           15%        2d7       10%         3
 Animate Dead             Necr           15%        N/A       32%         4
 Agony                    Necr           15%        N/A       67%         5


Dungeon Overview and Level Annotations

Branches:
Dungeon (1/15)

Altars:


Message History

The bat barely resists.
The bat closely misses you. The bat hits you but does no damage.
The bat hits you.
There is an open door here.
You closely miss the bat. The bat hits you. The bat closely misses you.
You barely miss the bat. The bat barely misses you. x2
You hit the bat but do no damage. The bat barely misses you.
You barely miss the bat. The bat hits you but does no damage.
You miss the quokka. The quokka closely misses you.
You hit the quokka but do no damage. The quokka bites you.
The quokka closely misses you.
Casting: Necrotise (safe; 3% risk of failure)
Confirm with . or Enter, or press ? or * to list all spells.
Aiming: Necrotise (safe; 3% risk of failure)
Press: ? - help, Shift-Dir - straight line, f/p - bat
Aim: a bat (chance to affect: 85%)
The bat writhes in agony.
The bat hits you but does no damage. The quokka closely misses you.
The bat hits you but does no damage.
Casting: Necrotise (safe; 3% risk of failure)
Confirm with . or Enter, or press ? or * to list all spells.
You don't have enough magic to cast this spell.
Unknown command.
The bat attacks as you move away! The bat hits you. The bat barely misses you.
The quokka bites you. The quokka attacks as you move away!
The quokka bites you. The bat attacks as you move away! The bat misses you.
The bat hits you. The bat hits you but does no damage. The bat hits you.
* * * LOW HITPOINT WARNING * * *
You open the door. The bat barely misses you. x2
The bat barely misses you.
There is an open door here.
The quokka attacks as you move away! The quokka barely misses you.
The bat barely misses you.
You barely miss the bat. The bat completely misses you.
You closely miss the quokka.
The quokka bites you but does no damage.
A goblin opens the door.
The quokka bites you.
You die...

#.# #.. ... . #.# #.# #..
#.. #.# #.# #.# g... #.#
#.###.# .K[.. #.#
#...#.#g.....
#.####..r...gg....
#.........g#.)....
##..######........
###########@###########...
#........'8r8gb.......# ..
#........#..g#K.......# .
#...⌠....##g##....⌠...#
##...................##
######....<....######
##.......## #########


You could see a quokka, a hobgoblin, 2 goblins, a bat and a kobold.

Vanquished Creatures
  A giant cockroach (D:1)
  A goblin (D:1)
2 creatures vanquished.

Notes
Turn   | Place    | Note
-------+----------+-------------------------------------------
     0 | D:1      | mathmaestro the Demonspawn Necromancer began the quest for
                  | the Orb.
     0 | D:1      | Reached XP level 1. HP: 13/13 MP: 3/3
    90 | D:1      | Slain by a quokka

Illustrated notes

Levels and vault maps discovered:
D:1:      giann_wishing_wells, layout_basic

Action                   || total
-------------------------++-------
Melee: Unarmed           ||     8
 Cast: Necrotise         ||     5
Armor: Robe              ||     6
Dodge: Dodged            ||    21

Table legend: (Time is in decaauts)
 A = Elapsed time spent in this place.
 B = Non-inter-level travel time spent in this place.
 C = Inter-level travel time spent in this place.
 D = Time resting spent in this place.
 E = Time spent auto-exploring this place.
 F = Levels seen in this place.
 G = Mean time per level.
                   A        B        C        D        E       F      G
               +--------+--------+--------+--------+--------+-----+--------+
         Total |     90 |     90 |      0 |      0 |     48 |   1 |   90.0 |
       Dungeon |     90 |     90 |      0 |      0 |     48 |   1 |   90.0 |
               +--------+--------+--------+--------+--------+-----+--------+

Top non-repeatable levels by time:
     D:1: 90 daAuts
